Map: Kairos Junction LE

Players

Harstem - Winner!

  • Race: Protoss Protoss
  • Spawn Location: 11:00

Stephano

  • Race: Zerg Zerg
  • Spawn Location: 5:00

Event: IEM Season 13: Katowice (2019)

VOD

Have the link to the VOD?

Description

Time

  • Played on: Feb. 25, 2019, 9:09 a.m.
  • Length: 9:21

All games in this series

Show
View Real Time Build Order
Export as new Build Order

Harstem Protoss - Winner!

Build Orders: 1 Gate Expand 

Get SALT Encoding   

  12  0:00  Probe  
  13  0:12  Probe  
  14  0:19  Pylon  
  14  0:24  Probe  
  15  0:31  Assimilator  
  15  0:33  Probe  
  15  0:41  Probe  
  16  0:47  Gateway  
  17  0:51  Probe  
  18  1:03  Probe  
  19  1:15  Probe  
  20  1:23  Nexus  
  20  1:34  Cybernetics Core  
  20  1:35  Probe  
  21  1:40  Assimilator  
  21  1:47  Probe  
  21  1:52  Pylon  
  22  2:00  Adept, Probe  
  23  2:12  Warp Gate, Probe  
  26  2:17  Robotics Facility  
  26  2:22  Probe  
  27  2:30  Probe  
  27  2:32  Stalker  
  31  2:38  Probe  
  32  2:51  Gateway  
  33  2:54  Gateway  
  32  3:02  Warp Prism  
  32  3:03  Gateway  
  32  3:07  Gateway  
  32  3:11  Probe  
  32  3:19  Probe  
  35  3:23  Probe  
  36  3:28  Pylon  
  36  3:32  Probe  
  37  3:35  Probe  
  37  3:39  Pylon  
  38  3:47  Probe  
  39  4:00  Stalker x4, Pylon  
  39  4:02  Stalker  
  49  4:18  Zealot  
  51  4:24  Zealot x3  
  51  4:28  Stalker  
  57  4:43  Zealot x2  
  61  4:45  Zealot x2  
  61  4:47  Pylon  
  61  4:50  Pylon  
  65  4:59  Stalker x2  
  69  5:04  Pylon  
  69  5:13  Zealot x2  
  69  5:14  Zealot  
  57  5:28  Zealot x2  
  57  5:33  Probe x2  
  57  5:34  Stalker x2  
  57  5:35  Zealot  
  67  5:47  Stalker x2  
  65  5:56  Zealot  
  65  6:00  Zealot x2  
  65  6:17  Sentry, Zealot  
  65  6:18  Zealot  
  69  6:19  Probe x2  
  69  6:24  Immortal  
  71  6:26  Sentry, Zealot  
  71  6:31  Probe x2  
  77  6:40  Zealot x2  
  77  6:45  Sentry  
  83  6:47  Zealot  
  83  6:52  Zealot  
  83  6:53  Probe x2  
  85  6:55  Pylon  
  85  6:57  Assimilator  
  85  6:59  Assimilator  
  85  7:05  Probe x2  
  85  7:06  Immortal  
  69  7:17  Probe  
  64  7:23  Probe  
  64  7:24  Protoss Ground Weapons Level 1  
  64  7:26  Forge  
  64  7:29  Probe  
  66  7:31  Zealot  
  66  7:34  Immortal  
  67  7:41  Probe  
  67  7:42  Pylon  
  67  7:43  Sentry  
  67  7:44  Zealot x3  
  79  7:54  Gateway  
  79  7:55  Sentry  
  79  7:56  Gateway  
  81  8:05  Pylon  
  81  8:09  Sentry  
  81  8:10  Zealot x3  
  81  8:12  Observer  
  89  8:19  Zealot  
  92  8:32  Zealot  
  94  8:34  Adept  
  94  8:37  Sentry x2  
  98  8:53  Sentry x2  
  98  8:54  Zealot  
  104  8:56  Shield Battery  
  104  8:59  Zealot x2  
  108  9:07  Pylon  
  108  9:10  Pylon  
Show
View Real Time Build Order
Export as new Build Order

Stephano Zerg 

Build Orders: Hatch First 

Get SALT Encoding   

  12  0:00  Drone  
  13  0:12  Overlord  
  13  0:16  Drone  
  14  0:30  Drone x2  
  16  0:47  Hatchery  
  15  0:51  Drone  
  15  0:54  Drone  
  17  0:58  Drone  
  18  1:09  Extractor  
  17  1:13  Spawning Pool  
  17  1:16  Drone  
  17  1:20  Drone  
  18  1:27  Drone  
  19  1:38  Drone  
  20  1:49  Drone  
  21  2:00  Queen x2, Zergling x2  
  21  2:01  Overlord  
  26  2:10  Drone x2  
  28  2:23  Drone  
  28  2:26  Drone  
  28  2:27  Hatchery  
  29  2:33  Drone x2  
  31  2:39  Queen  
  31  2:42  Overlord  
  33  2:47  Drone  
  33  2:50  Metabolic Boost  
  34  2:55  Drone x2  
  36  3:05  Overlord  
  36  3:06  Drone  
  36  3:07  Drone x3  
  36  3:09  Drone  
  41  3:13  Evolution Chamber  
  41  3:15  Drone  
  41  3:16  Drone  
  42  3:22  Queen  
  42  3:26  Spore Crawler  
  43  3:27  Drone  
  43  3:29  Drone  
  43  3:30  Drone  
  46  3:36  Queen  
  48  3:43  Drone x3  
  48  3:46  Drone x2  
  53  3:48  Zerg Melee Weapons Level 1  
  53  3:52  Queen  
  55  3:56  Spore Crawler  
  55  3:57  Zergling x2  
  55  3:58  Zergling x2  
  55  4:00  Zergling x2  
  58  4:02  Zergling x2  
  58  4:06  Roach Warren  
  58  4:07  Overlord  
  57  4:12  Spine Crawler  
  57  4:13  Zergling x4  
  57  4:18  Zergling x2  
  56  4:24  Zergling x4  
  56  4:26  Zergling x2  
  56  4:27  Zergling x8  
  56  4:29  Zergling x2  
  61  4:32  Zergling x4  
  61  4:37  Zergling x6  
  64  4:43  Zergling x2  
  63  4:46  Zergling x2  
  63  4:47  Zergling x2  
  65  4:58  Overlord  
  65  5:03  Overlord  
  64  5:08  Hatchery  
  60  5:16  Queen, Zergling x10  
  61  5:24  Zergling x8  
  58  5:32  Queen  
  58  5:34  Roach x2  
  64  5:37  Spine Crawler  
  64  5:39  Spine Crawler  
  64  5:40  Spine Crawler  
  61  5:43  Roach  
  61  5:44  Roach  
  61  5:51  Queen  
  61  5:53  Zergling x2  
  61  5:54  Zergling x2  
  57  6:06  Roach x4  
  57  6:08  Pneumatized Carapace  
  61  6:11  Roach  
  61  6:16  Roach  
  61  6:21  Roach x2  
  62  6:27  Roach  
  63  6:33  Roach  
  63  6:34  Zergling x14  
  71  6:41  Zergling x2  
  70  6:47  Roach  
  70  6:53  Overlord  
  70  6:58  Overlord  
  67  7:01  Overlord  
  56  7:14  Zergling x8  
  56  7:15  Zergling x4  
  55  7:29  Zergling x4  
  57  7:39  Drone x2  
  59  7:45  Drone  
  60  7:53  Drone x2  
  60  7:56  Hatchery  
  61  7:58  Extractor  
  61  7:59  Extractor  
  61  8:00  Drone  
  60  8:09  Drone x2  
  62  8:15  Drone  
  63  8:24  Overlord x2  
  62  8:33  Zergling x2  
  62  8:34  Zergling x10  
  68  8:41  Zergling x2  
  68  8:43  Baneling Nest  
  68  8:48  Zergling x8  
  68  9:01  Overlord  
  67  9:02  Zergling x2  

Tags
 
Add a new tag
Caveats
  • Supply blocks, unpowered buildings, or Contaminate may cause inaccurate times.
  • Supply counts are checked every 10 seconds.